 Dungeon Crawl Stone Soup version 0.21.1-1-g345015fe64 (webtiles) character file.

125 Gargoyl the Skirmisher (level 4, 0/40 HPs)
             Began as a Centaur Abyssal Knight on Feb 24, 2018.
             Was a Believer of Lugonu.
             Succumbed to an adder's poison
             ... on level 3 of the Dungeon.
             The game lasted 00:06:24 (2808 turns).

Gargoyl the Skirmisher (Centaur Abyssal Knight)     Turns: 2808, Time: 00:06:25

Health: 0/40       AC: 10    Str: 19    XL:     4   Next: 82%
Magic:  6/6        EV:  3    Int: 11    God:    Lugonu [**....]
Gold:   86         SH:  0    Dex: 10    Spells: 3/3 levels left

rFire    . . .     SeeInvis .   h - +0 broad axe
rCold    . . .     Gourm    .   (no shield)
rNeg     . . .     Faith    .   e - +1 plate armour
rPois    .         Spirit   .   (no helmet)
rElec    .         Reflect  .   (no cloak)
rCorr    .         Harm     .   (no gloves)
MR       .....                  (no barding)
Stlth    ..........             (no amulet)
HPRegen  0.13/turn              (no ring)
MPRegen  0.10/turn              (no ring)

@: mighty, lethally poisoned (0 -> -1), very quick
A: large, hooves 3, deformed body, speed 2, tough skin 3
a: Depart the Abyss, Bend Space, Renounce Religion


You were on level 3 of the Dungeon.
You worshipped Lugonu.
Lugonu was pleased with you.
You were not hungry.

You visited 1 branch of the dungeon, and saw 3 of its levels.
You visited the Abyss 1 time.

You collected 86 gold pieces.

Inventory:

Hand Weapons
 a - a +1 hand axe
 h - a +0 broad axe (weapon)
Armour
 e - a +1 plate armour (worn)
Wands
 b - a wand of flame (15)
Scrolls
 d - 2 scrolls of teleportation
 f - a scroll of identify
 m - a scroll of remove curse
Comestibles
 c - 5 rations
 g - 2 chunks of flesh


   Skills:
 + Level 3.8 Fighting
 + Level 2.8 Axes
 * Level 2.2 Armour
 + Level 0.7 Dodging
 * Level 2.9 Invocations


You had 3 spell levels left.
You didn't know any spells.

Dungeon Overview and Level Annotations

Branches:
Dungeon (3/15)

Altars:
Ashenzari
Wu Jian


Innate Abilities, Weirdness & Mutations

You have hooves in place of feet.
Armour fits poorly on your strangely shaped body.
You cover ground very quickly.
You have extremely tough skin. (AC +3)


Message History

You kill the adder!
Lugonu accepts your kill.
* * * LOW HITPOINT WARNING * * *
You feel sick.
* * * LOW HITPOINT WARNING * * *
You feel sick.
Unknown command.
It was a potion of might.
You feel very mighty all of a sudden.
* * * LOW HITPOINT WARNING * * *
You feel sick.
* * * LOW HITPOINT WARNING * * *
You feel sick.
* * * LOW HITPOINT WARNING * * *
You feel sick.
* * * LOW HITPOINT WARNING * * *
You feel sick.
* * * LOW HITPOINT WARNING * * *
You feel sick.
You die...

.....# #....##.
...... ...(... .....
......####....#
.....
..............#
..... .............#
...# #.##[.......#
####..#
#..##<).....###....#
#.##.)รท....>.)...#
#.............@.#
##..........##.##
.....#...........#
......)..........#
...<.#........#..#
.........####.##.+
.....#.### #.##.+
.....#.. #....# .##


There were no monsters in sight!

Vanquished Creatures
  Ijyb (D:2)
  2 adders
  2 worms (D:2)
  A leopard gecko (D:2)
  3 orcs
  3 giant cockroaches
  7 goblins
  12 hobgoblins
  3 jackals (D:1)
  12 kobolds
  6 bats
  8 frilled lizards
  10 rats
70 creatures vanquished.

Notes
Turn   | Place    | Note
-------+----------+-------------------------------------------
     0 | Abyss:1  | Gargoyl the Centaur Abyssal Knight began the quest for the Orb.
     0 | Abyss:1  | Reached XP level 1. HP: 19/19 MP: 2/2
    94 | Abyss:3  | Noticed a small abomination
   117 | D:1      | Escaped the Abyss
   195 | D:1      | Reached * piety under Lugonu
   195 | D:1      | Reached XP level 2. HP: 15/26 MP: 3/3
   796 | D:1      | Reached XP level 3. HP: 26/31 MP: 4/4
  1197 | D:2      | Found a shattered altar of Ashenzari.
  1538 | D:2      | Found an ornate altar of the Wu Jian Council.
  1539 | D:2      | Reached ** piety under Lugonu
  1950 | D:2      | Reached XP level 4. HP: 39/40 MP: 5/5
  2592 | D:3      | Noticed Ijyb
  2614 | D:2      | Killed Ijyb
  2786 | D:3      | HP: 2/40 [poisoned by an adder]
  2791 | D:3      | HP: 1/40 [poisoned by an adder]
  2796 | D:3      | HP: 1/40 [poisoned by an adder]
  2802 | D:3      | HP: 1/40 [poisoned by an adder]
  2808 | D:3      | Succumbed to an adder's poison

Skill      XL: |  1  2  3 |
---------------+----------+-----
Axes           | 2 |  2.8
Armour         | 2 |  2.2
Fighting       | |  3.8
Dodging        | |  0.7
Invocations    | |  2.9

Action                   |  1- 3 |  4- 6 || total
-------------------------+-------+-------++-------
Melee: Hand axe          |   125 |    34 ||   159
       Kick              |    18 |     4 ||    22
       Broad axe         |       |    25 ||    25
Invok: Depart the Abyss  |     1 |       ||     1
  Use: Scroll            |     1 |     6 ||     7
       Potion            |       |     3 ||     3
  Eat: Chunk             |     1 |     3 ||     4
Armor: Plate armour      |   133 |    70 ||   203
Dodge: Dodged            |    14 |     5 ||    19
